 Dungeon Crawl Stone Soup version 0.29.1-15-g9cfb28693d (webtiles) character file.

Game seed: 4706945768591406008

21 kingsuperguy the Transmogrifier (level 2, 0/23 HPs)
             Began as a Gnoll Wanderer on Sept 29, 2023.
             Slain by a quokka (3 damage)
             ... on level 3 of the Dungeon.
             The game lasted 00:02:13 (917 turns).

kingsuperguy the Transmogrifier (Gnoll Wanderer)     Turns: 917, Time: 00:02:14

Health: 0/23       AC:  3    Str:  9    XL:     2   Next: 87%
Magic:  5/5        EV: 11    Int: 12    God:
Gold:   10         SH:  0    Dex: 12    Spells: 5/6 levels left

rFire   . . .      SeeInvis .   a - +0 sling
rCold   . . .      Faith    .   (no shield)
rNeg    . . .      Spirit   .   d - +0 robe
rPois   .          Reflect  .   (no helmet)
rElec   .          Harm     .   (no cloak)
rCorr   .          Rampage  .   h - +0 pair of gloves
Will    .....                   (no boots)
Stlth   ++........              (no amulet)
HPRegen 0.07/turn               (no ring)
MPRegen 0.09/turn               (no ring)

@: no status effects
A: fangs 1, strong nose, distributed training
a: no special abilities


You were on level 3 of the Dungeon.
You visited 1 branch of the dungeon, and saw 3 of its levels.

You collected 10 gold pieces.

Inventory:

Hand Weapons
 a - a +0 sling (weapon)
Armour
 b - a +0 pair of gloves
 d - a +0 robe (worn)
 h - a +0 pair of gloves (worn)
 i - a +0 ring mail
Potions
 e - a potion of invisibility {unknown}
 f - a potion of mutation {unknown}
 g - a potion of curing {unknown}
 j - a potion of degeneration {unknown}


   Skills:
 + Level 2.5 Fighting
 + Level 0.5 Short Blades
 + Level 0.5 Long Blades
 + Level 0.5 Axes
 + Level 0.5 Maces & Flails
 + Level 0.5 Polearms
 + Level 0.5 Staves
 + Level 2.5 Ranged Weapons
 + Level 0.5 Throwing
 + Level 0.5 Armour
 + Level 0.5 Dodging
 + Level 2.3 Stealth
 + Level 0.5 Shields
 + Level 0.5 Unarmed Combat
 + Level 2.7 Spellcasting
 + Level 0.4 Conjurations
 + Level 0.4 Hexes
 + Level 0.4 Summonings
 + Level 0.4 Necromancy
 + Level 0.4 Translocations
 + Level 8.7 Transmutations
 + Level 0.4 Fire Magic
 + Level 0.4 Ice Magic
 + Level 0.4 Air Magic
 + Level 0.4 Earth Magic
 + Level 0.4 Poison Magic
 + Level 0.7 Invocations
 + Level 2.5 Evocations


You had 5 spell levels left.
You knew the following spells:

 Your Spells              Type           Power      Damage    Failure   Level
a - Beastly Appendage     Tmut           44%        N/A       1%          1

Your spell library contained the following spells:

 Spells                   Type           Power      Damage    Failure   Level
 Wereblood                Tmut           22%        N/A       1%          2
 Passwall                 Tmut/Erth      10%        N/A       6%          2
 Blade Hands              Tmut           11%        N/A       19%         5
 Portal Projectile        Hex/Tloc       4%         N/A       54%         3
 Tukima's Dance           Hex            2%         N/A       54%         3


Dungeon Overview and Level Annotations

Branches:
Dungeon (3/15)

Altars:


Innate Abilities, Weirdness & Mutations

You have very sharp teeth.
Your uncanny sense of smell can sniff out nearby items.
Your experience applies equally to all skills.


Message History

Press: ? - help, Dir - move target, p - gnoll
As you read the scroll of blinking, it crumbles to dust.
You climb downwards.
Found a book of Conjurations.
Found a stone staircase leading down.
There is a stone staircase leading up here.
You are too injured to fight recklessly!
You are too injured to fight recklessly!
Casting: Beastly Appendage (safe; 1% risk of failure)
Press: ? - help, Q - select action, (/) - cycle Dir - look around, f - activate Look: a quokka (asleep)
Okay, then.
Fire: a) +0 sling
Press: ? - help, Shift-Dir - straight line, f - quokka
Aim: a quokka (asleep, 98% to hit)
You shoot a sling bullet.
The sling bullet hits the quokka but does no damage.
The frilled lizard hisses angrily.
The frilled lizard bites you but does no damage.
There is a stone staircase leading down here.
The frilled lizard barely misses you.
You climb downwards.
There is a stone staircase leading up here.
You are too injured to fight recklessly!
You are too injured to fight recklessly!
You are too injured to fight recklessly!
Fire: a) +0 sling
Press: ? - help, Shift-Dir - straight line, f - frilled lizard
Aim: a frilled lizard (35% to hit)
You shoot a sling bullet.
The sling bullet hits the frilled lizard.
The frilled lizard is heavily wounded.
The frilled lizard bites you.
* * * LOW HITPOINT WARNING * * *
Fire: a) +0 sling
Press: ? - help, Shift-Dir - straight line, f/p - frilled lizard
Aim: a frilled lizard (heavily wounded, 35% to hit)
You shoot a sling bullet.
The sling bullet closely misses the frilled lizard.
The quokka bites you.
You die...

###...
#.....
#..... ∆
#.....
.#.....
.......
#.....l##
+.....r@#
#.......#
#.....#..
#.....#.#.
#....
.....
#.... ..#
.# ####
..# .#
...# #


You could see a quokka and a frilled lizard.

Vanquished Creatures
  4 ball pythons (D:1)
  An endoplasm (D:1)
  A giant cockroach (D:1)
  3 goblins (D:1)
  4 hobgoblins (D:1)
  A bat (D:1)
  A frilled lizard (D:1)
  2 kobolds (D:1)
  A rat (D:1)
18 creatures vanquished.

Notes
Turn   | Place    | Note
-------+----------+-------------------------------------------
     0 | D:1      | kingsuperguy the Gnoll Wanderer began the quest for the
                  | Orb.
     0 | D:1      | kingsuperguy set off with the following items: a +0 sling,
                  | a +0 pair of gloves, a scroll of blinking, a +0 robe; and
                  | the following spell memorised: Beastly Appendage; and the
                  | following spells available to memorise: Wereblood,
                  | Passwall.
     0 | D:1      | Reached XP level 1. HP: 17/17 MP: 4/4
   493 | D:1      | Reached XP level 2. HP: 23/23 MP: 5/5
   917 | D:3      | Slain by a quokka

Illustrated notes

Levels and vault maps discovered:
D:1:      psy_arrival_fountain, layout_basic,
          hellmonk_ecumenical_altar_arch_garden, amethyst_killhole,
          due_unseen_surprise
D:2:      kennysheep_big_flooded_room, layout_basic, serial_bayou,
          serial_bayou_pond_e, serial_bayou_pond_a, serial_bayou_pond_c,
          serial_bayou_ford_a, uniq_crazy_yiuf_cottage
D:3:      layout_basic, nicolae_yredelemnul_corpse_copse

Action                   || total
-------------------------++-------
Melee: Sling             ||     5
       Bite              ||     1
 Fire: Sling             ||    56
 Cast: Beastly Appendage ||     4
  Use: Scroll            ||     1
Armor: Robe              ||    13
Dodge: Dodged            ||    28
